 Dungeon Crawl Stone Soup version 0.20.1-1-g8b1a95d (console) character file.

68 hilaritas the Skirmisher (level 4, -3/31 HPs)
             Began as a Halfling Abyssal Knight on Feb 21, 2018.
             Was a Follower of Lugonu.
             Slain by Sigmund
             ... wielding a +0 scythe
              (9 damage)
             ... on level 2 of the Dungeon.
             The game lasted 00:06:26 (1877 turns).

hilaritas the Skirmisher (Halfling Abyssal Knight)  Turns: 1877, Time: 00:06:27

Health: -3/31      AC:  8    Str: 18 (19) XL:     4   Next: 41%
Magic:  6/6        EV: 18    Int:  9 (10) God:    Lugonu [*.....]
Gold:   74         SH:  0    Dex: 17 (18) Spells: 3/3 levels left

rFire    + . .     SeeInvis .   r - -3 rapier (curse)
rCold    . . .     Gourm    .   (shield restricted)
rNeg     . . .     Faith    .   m - +0 ring mail
rPois    .         Spirit   .   (no helmet)
rElec    .         Reflect  .   l - +0 cloak
rCorr    .         Harm     .   f - +0 pair of gloves
MR       .....                  g - +0 pair of boots
Stlth    +.........             (no amulet)
Regen    0.1/turn               n - ring of protection from fire
MPRegen  0.1/turn               (no ring)

@: confused, mighty, agile
A: mutation resistance 1
a: Depart the Abyss, Renounce Religion


You were on level 2 of the Dungeon.
You worshipped Lugonu.
Lugonu was aware of your devotion.
You were very hungry.

You visited 1 branch of the dungeon, and saw 2 of its levels.
You visited the Abyss 1 time.

You collected 74 gold pieces.

Inventory:

Hand Weapons
 a - a +2 short sword
 k - a +0 hunting sling
 r - a cursed -3 rapier (weapon)
Missiles
 d - 56 stones (quivered)
 e - 12 arrows
Armour
 f - a +0 pair of gloves (worn)
 g - a +0 pair of boots (worn)
 l - a +0 cloak (worn)
 m - a +0 ring mail (worn)
Jewellery
 n - a ring of protection from fire (left hand)
Scrolls
 p - a scroll of remove curse
 q - a scroll of magic mapping
Potions
 j - a potion of might
Comestibles
 c - 2 bread rations
 i - 2 fruits
 o - a meat ration


   Skills:
 + Level 3.3 Fighting
 - Level 2.8 Short Blades
 * Level 3.2 Slings
 - Level 2.1 Armour
 - Level 1.1 Dodging
 * Level 2.7 Invocations


You had 3 spell levels left.
You didn't know any spells.

Dungeon Overview and Level Annotations

Branches:
Dungeon (2/15)

Altars:

Annotations:
D:2 Sigmund


Innate Abilities, Weirdness & Mutations

You are small and have problems with some larger weapons.
You are somewhat resistant to further mutation.


Message History

You see here 2 stones.
It was a potion of agility.
You feel agile all of a sudden.
It was a potion of degeneration.
There was something very wrong with that liquid.
You feel weakened.
You feel dopey.
You feel clumsy.
You feel less confused. Something barely misses you.
Unknown command.
Something barely misses you.
You puncture something! You barely miss something. Something barely misses you.
You closely miss something. Something hits you but does no damage.
Your ring mail prevents you from hitting something.
You barely miss something.
You hear some strange, mumbled words.
You are confused.
Something barely misses you. Something hits you!
You die...

###...(..##....<.
#..........#####.
#..........#####.
#................
#...............>
#................
#................
*#########................
*.(....{.(................
*...................#.....
*........@..........#.....
*.(.............(.........
*#########......(...<.....
#########........
#........ ####..... #.....
#..... ######


There were no monsters in sight!

Vanquished Creatures
  Jessica (D:2)
  An adder (D:2)
  2 dart slugs
  3 bats
  2 goblins (D:2)
  8 hobgoblins
  4 frilled lizards (D:1)
  5 kobolds
  3 rats
29 creatures vanquished.

Notes
Turn   | Place    | Note
-------+----------+-------------------------------------------
     0 | Abyss:1  | hilaritas the Halfling Abyssal Knight began the quest for the Orb.
     0 | Abyss:1  | Reached XP level 1. HP: 15/15 MP: 2/2
    62 | Abyss:1  | Found a corrupted altar of Lugonu.
    70 | Abyss:1  | Noticed a lich
    70 | Abyss:1  | Noticed a ynoxinul
    71 | D:1      | Escaped the Abyss
   146 | D:1      | Reached * piety under Lugonu
   425 | D:1      | Reached XP level 2. HP: 21/21 MP: 3/3
   928 | D:2      | Reached XP level 3. HP: 26/26 MP: 4/4
   968 | D:2      | Reached skill level 1 in Slings
  1000 | D:2      | Noticed Jessica
  1003 | D:2      | Killed Jessica
  1003 | D:2      | Reached XP level 4. HP: 31/31 MP: 4/6
  1839 | D:2      | Noticed Sigmund
  1877 | D:2      | Slain by Sigmund

Skill      XL: |  1  2  3  4 |
---------------+-------------+-----
Fighting       | 3 |  3.3
Slings         | 2 3 |  3.2
Short Blades   | |  2.8
Armour         | |  2.1
Dodging        | |  1.1
Invocations    | |  2.7

Action                   |  1- 3 |  4- 6 || total
-------------------------+-------+-------++-------
Melee: Short sword       |    38 |     6 ||    44
       Dagger            |       |    22 ||    22
       Rapier            |       |    21 ||    21
 Fire: Hunting sling     |    27 |    30 ||    57
Invok: Depart the Abyss  |     1 |       ||     1
  Use: Scroll            |     3 |     2 ||     5
       Potion            |       |     3 ||     3
  Eat: Chunk             |       |     2 ||     2
Armor: Leather armour    |     7 |       ||     7
       Ring mail         |       |    13 ||    13
Dodge: Dodged            |    32 |    24 ||    56
